| TOP OF THE 1ST |
|
San Antonio Missions batting - Pitching for Reading Fightin Phils : RHP Jeremy Trotter
|
|
Pitching: RHP Jeremy Trotter
|
|
|
Batting: RHB Dave McBain
|
0-0: Called Strike 0-1: Ground out 6-3 (Groundball, 6, EV 78.1 MPH)
|
|
Batting: RHB Freddie Brown
|
0-0: Called Strike 0-1: Ground out 3-1 (Groundball, 34, EV 79.4 MPH)
|
|
Batting: RHB Mike Maserang
|
0-0: Ball 1-0: SINGLE (Groundball, 56, EV 105.0 MPH)
|
|
Batting: RHB John Freeman
|
0-0: Ball 1-0: Ball 2-0: Ground out 5-3 (Groundball, 25, EV 91.2 MPH)
|
| Top of the 1st over - 0 runs, 1 hit, 0 errors, 1 left on base; San Antonio 0 - Reading 0 |
| BOTTOM OF THE 1ST |
|
Reading Fightin Phils batting - Pitching for San Antonio Missions : RHP Andy Dunmire
|
|
Pitching: RHP Andy Dunmire
|
|
|
Batting: RHB Tony Perez
|
0-0: Swinging Strike 0-1: Ball 1-1: Swinging Strike 1-2: Foul Ball, location: 2F 1-2: SINGLE (Groundball, 34D, EV 95.6 MPH)
|
|
Batting: RHB Chris Myers
|
0-0: Ball Tony Perez steals 2nd base 1-0: Called Strike 1-1: SINGLE (Groundball, 56S, EV 75.6 MPH) (infield hit) Tony Perez to third
|
|
Batting: RHB Alan Weller
|
0-0: Ball 1-0: Ball 2-0: Ball 3-0: Foul Ball, location: 2F 3-1: SINGLE (Groundball, 56D, EV 99.4 MPH) Tony Perez scores Chris Myers to second
|
|
Batting: RHB Guan-pei Gao
|
0-0: Called Strike 0-1: Foul Ball, location: 2F 0-2: Ball 1-2: Foul Ball, location: 2F 1-2: Ball 2-2: Strikes out looking
|
|
Batting: RHB Pablo Lopez
|
0-0: Foul Ball, location: 2F 0-1: Ball 1-1: Foul Ball, location: 2F 1-2: Strikes out looking
|
|
Batting: LHB Alex Fernandez
|
0-0: Ball 1-0: Foul Ball, location: 2F 1-1: Ball 2-1: Ground out 1-3 (Groundball, 13S, EV 65.6 MPH)
|
| Bottom of the 1st over - 1 run, 3 hits, 0 errors, 2 left on base; San Antonio 0 - Reading 1 |
| TOP OF THE 2ND |
|
San Antonio Missions batting - Pitching for Reading Fightin Phils : RHP Jeremy Trotter
|
|
Batting: RHB Jaden Scott
|
0-0: Ball 1-0: Ball 2-0: Ball 3-0: Called Strike 3-1: Called Strike 3-2: Foul Ball, location: 2F 3-2: Ground out 5-3 (Groundball, 56, EV 102.5 MPH)
|
|
Batting: LHB Teko van de Sande
|
0-0: Foul Ball, location: 2F 0-1: Ball 1-1: Ground out U3 (Groundball, 3, EV 106.2 MPH)
|
|
Batting: RHB Cesar Ortega
|
0-0: Foul Ball, location: 2F 0-1: Swinging Strike 0-2: Ball 1-2: Strikes out swinging
|
| Top of the 2nd over - 0 runs, 0 hits, 0 errors, 0 left on base; San Antonio 0 - Reading 1 |
| BOTTOM OF THE 2ND |
|
Reading Fightin Phils batting - Pitching for San Antonio Missions : RHP Andy Dunmire
|
|
Batting: RHB Jose Corral
|
0-0: Foul Ball, location: 2F 0-1: Ball 1-1: Ball 2-1: Ground out 6-3 (Groundball, 6, EV 84.4 MPH)
|
|
Batting: RHB Prabhukumar Santhanakrishnan
|
0-0: Ground out 5-3 (Groundball, 56S, EV 79.4 MPH)
|
|
Batting: LHB Doug Frampton
|
0-0: Called Strike 0-1: Ball 1-1: Ball 2-1: Ball 3-1: Foul Ball, location: 2F 3-2: Base on Balls
|
|
Batting: RHB Tony Perez
|
0-0: Ball 1-0: Foul Ball, location: 2F 1-1: Foul Ball, location: 2F 1-2: Ground out 4-3 (Groundball, 4, EV 86.9 MPH)
|
| Bottom of the 2nd over - 0 runs, 0 hits, 0 errors, 1 left on base; San Antonio 0 - Reading 1 |
| TOP OF THE 3RD |
|
San Antonio Missions batting - Pitching for Reading Fightin Phils : RHP Jeremy Trotter
|
|
Batting: RHB Adrian Martinelli
|
0-0: Ball 1-0: Ground out 4-3 (Groundball, 4, EV 83.8 MPH)
|
|
Batting: RHB Roberto Monzon
|
0-0: Called Strike 0-1: Swinging Strike 0-2: Foul Ball, location: 2F 0-2: Strikes out looking
|
|
Batting: RHB Dave McBain
|
0-0: Ball 1-0: Ball 2-0: Called Strike 2-1: Ball 3-1: Swinging Strike 3-2: Foul Ball, location: 2F 3-2: Fly out, F9 (Line Drive, 9LM, EV 96.9 MPH)
|
| Top of the 3rd over - 0 runs, 0 hits, 0 errors, 0 left on base; San Antonio 0 - Reading 1 |
| BOTTOM OF THE 3RD |
|
Reading Fightin Phils batting - Pitching for San Antonio Missions : RHP Andy Dunmire
|
|
Batting: RHB Chris Myers
|
0-0: Bunt for hit to 25 - play at first, batter OUT! 5-3
|
|
Batting: RHB Alan Weller
|
0-0: Called Strike 0-1: Ball 1-1: Fly out, F8 (Flyball, 8LXD, EV 103.8 MPH)
|
|
Batting: RHB Guan-pei Gao
|
0-0: Foul Ball, location: 2F 0-1: Ball 1-1: Ground out 3-1 (Groundball, 34, EV 83.8 MPH)
|
| Bottom of the 3rd over - 0 runs, 0 hits, 0 errors, 0 left on base; San Antonio 0 - Reading 1 |
| TOP OF THE 4TH |
|
San Antonio Missions batting - Pitching for Reading Fightin Phils : RHP Jeremy Trotter
|
|
Batting: RHB Freddie Brown
|
0-0: Foul Ball, location: 2F 0-1: Foul Ball, location: 2F 0-2: Ball 1-2: Strikes out swinging
|
|
Batting: RHB Mike Maserang
|
0-0: Ball 1-0: Ball 2-0: Ball 3-0: Base on Balls
|
|
Batting: RHB John Freeman
|
0-0: Ball 1-0: Called Strike 1-1: Ball Balk! Mike Maserang to second 2-1: Fly out, F8 (Flyball, 8LXD, EV 98.1 MPH)
|
|
Batting: RHB Jaden Scott
|
0-0: Hit by Pitch
|
|
Batting: LHB Teko van de Sande
|
0-0: Swinging Strike 0-1: Fly out, F8 (Flyball, 8RXD, EV 89.4 MPH)
|
| Top of the 4th over - 0 runs, 0 hits, 0 errors, 2 left on base; San Antonio 0 - Reading 1 |
| BOTTOM OF THE 4TH |
|
Reading Fightin Phils batting - Pitching for San Antonio Missions : RHP Andy Dunmire
|
|
Batting: RHB Pablo Lopez
|
0-0: Called Strike 0-1: Ball 1-1: Foul Ball, location: 2F 1-2: Strikes out swinging
|
|
Batting: LHB Alex Fernandez
|
0-0: Ball 1-0: Ground out U3 (Groundball, 34S, EV 88.1 MPH)
|
|
Batting: RHB Jose Corral
|
0-0: Ball 1-0: Ground out 6-3 (Groundball, 6, EV 81.9 MPH)
|
| Bottom of the 4th over - 0 runs, 0 hits, 0 errors, 0 left on base; San Antonio 0 - Reading 1 |
| TOP OF THE 5TH |
|
San Antonio Missions batting - Pitching for Reading Fightin Phils : RHP Jeremy Trotter
|
|
Batting: RHB Cesar Ortega
|
0-0: DOUBLE (Line Drive, 9LS, EV 102.5 MPH)
|
|
Batting: RHB Adrian Martinelli
|
0-0: Ball 1-0: Fly out, F8 (Flyball, 8RD, EV 95.6 MPH)
|
|
Batting: RHB Roberto Monzon
|
0-0: Foul Ball, location: 2F 0-1: Ball 1-1: Called Strike 1-2: Ball 2-2: Strikes out swinging
|
|
Batting: RHB Dave McBain
|
0-0: Ground out 6-3 (Groundball, 56, EV 86.9 MPH)
|
| Top of the 5th over - 0 runs, 1 hit, 0 errors, 1 left on base; San Antonio 0 - Reading 1 |
| BOTTOM OF THE 5TH |
|
Reading Fightin Phils batting - Pitching for San Antonio Missions : RHP Andy Dunmire
|
|
Batting: RHB Prabhukumar Santhanakrishnan
|
0-0: Ball 1-0: Fly out, F8 (Flyball, 8LS, EV 83.8 MPH)
|
|
Batting: LHB Doug Frampton
|
0-0: Ball 1-0: Ball 2-0: Ground out U3 (Groundball, 3, EV 80.0 MPH)
|
|
Batting: RHB Tony Perez
|
0-0: Ball 1-0: Ball 2-0: Fly out, F8 (Line Drive, 8LD, EV 92.5 MPH)
|
| Bottom of the 5th over - 0 runs, 0 hits, 0 errors, 0 left on base; San Antonio 0 - Reading 1 |
| TOP OF THE 6TH |
|
San Antonio Missions batting - Pitching for Reading Fightin Phils : RHP Jeremy Trotter
|
|
Batting: RHB Freddie Brown
|
0-0: Ball 1-0: Called Strike 1-1: Ball 2-1: Ball 3-1: Base on Balls
|
|
Batting: RHB Mike Maserang
|
0-0: Called Strike 0-1: Ball 1-1: Foul Ball, location: 2F 1-2: Ball 2-2: Ball 3-2: Foul Ball, location: 2F 3-2: SINGLE (Groundball, 6, EV 97.5 MPH) Freddie Brown to second
|
|
Batting: RHB John Freeman
|
0-0: Called Strike 0-1: Ball 1-1: Swinging Strike 1-2: Fielders Choice at 2nd, 3-6 (Groundball, 34, EV 87.5 MPH) Freddie Brown to third
|
|
Batting: RHB Jaden Scott
|
0-0: Ball 1-0: Ball 2-0: Grounds into double play, 5-4-3 (Groundball, 56S, EV 90.0 MPH)
|
| Top of the 6th over - 0 runs, 1 hit, 0 errors, 1 left on base; San Antonio 0 - Reading 1 |
| BOTTOM OF THE 6TH |
|
Reading Fightin Phils batting - Pitching for San Antonio Missions : RHP Andy Dunmire
|
|
Batting: RHB Chris Myers
|
0-0: Called Strike 0-1: Fly out, F2 (Popup, 5SF, EV 82.5 MPH)
|
|
Batting: RHB Alan Weller
|
0-0: Ball 1-0: Ground out 4-3 (Groundball, 4, EV 83.8 MPH)
|
|
Batting: RHB Guan-pei Gao
|
0-0: Ball 1-0: Ball 2-0: Ball 3-0: Base on Balls
|
|
Batting: RHB Pablo Lopez
|
0-0: Ball 1-0: Swinging Strike 1-1: Ball 2-1: Foul Ball, location: 2F 2-2: Ball 3-2: Fly out, F7 (Flyball, 7LS, EV 81.2 MPH)
|
| Bottom of the 6th over - 0 runs, 0 hits, 0 errors, 1 left on base; San Antonio 0 - Reading 1 |
| TOP OF THE 7TH |
|
San Antonio Missions batting - Pitching for Reading Fightin Phils : RHP Jeremy Trotter
|
|
Batting: LHB Teko van de Sande
|
0-0: Ball 1-0: Ball 2-0: Ball 3-0: Ground out U3 (Groundball, 3, EV 103.1 MPH)
|
|
Batting: RHB Cesar Ortega
|
0-0: Called Strike 0-1: Ball 1-1: Ball 2-1: Ball 3-1: Base on Balls
|
|
Pinch Hitting: LHB Matt Patnaude
|
0-0: Ball 1-0: Foul Ball, location: 2F 1-1: Swinging Strike 1-2: SINGLE (Groundball, 34, EV 101.2 MPH) Cesar Ortega to second Runner from 2nd tries for 3rd, SAFE, throw by RF made to third
|
|
Pitching: RHP Ron Knowles
|
|
|
Pinch Hitting: LHB Josh Slusarczyk
|
0-0: Fly out, F9 (Flyball, 9, EV 93.8 MPH) Runner from 3rd tags up, SCORES, no throw by RF
|
|
Batting: RHB Dave McBain
|
0-0: Ball 1-0: Called Strike 1-1: Fly out, F8 (Line Drive, 8LD, EV 104.4 MPH)
|
| Top of the 7th over - 1 run, 1 hit, 0 errors, 1 left on base; San Antonio 1 - Reading 1 |
| BOTTOM OF THE 7TH |
|
Reading Fightin Phils batting - Pitching for San Antonio Missions : RHP Andy Dunmire
|
|
Now at SS: Josh Slusarczyk
|
|
|
Now in RF: Matt Patnaude
|
|
|
Batting: LHB Alex Fernandez
|
0-0: Ball 1-0: Called Strike 1-1: Ball 2-1: Foul Ball, location: 2F 2-2: Strikes out looking
|
|
Batting: RHB Jose Corral
|
0-0: Ball 1-0: Ball 2-0: Foul Ball, location: 2F 2-1: Foul Ball, location: 2F 2-2: Ball 3-2: Strikes out swinging
|
|
Batting: RHB Prabhukumar Santhanakrishnan
|
0-0: Ball 1-0: Ground out 6-3 (Groundball, 6, EV 100.0 MPH)
|
| Bottom of the 7th over - 0 runs, 0 hits, 0 errors, 0 left on base; San Antonio 1 - Reading 1 |
| TOP OF THE 8TH |
|
San Antonio Missions batting - Pitching for Reading Fightin Phils : RHP Ron Knowles
|
|
Pitching: LHP Eddie San Miguel
|
|
|
Batting: RHB Freddie Brown
|
0-0: Foul Ball, location: 2F 0-1: Called Strike 0-2: Ball 1-2: Ball 2-2: Foul Ball, location: 2F 2-2: Ball 3-2: DOUBLE (Line Drive, 78XD, EV 110.6 MPH)
|
|
Batting: RHB Mike Maserang
|
0-0: Called Strike 0-1: Ball 1-1: Ground out 5-3 (Groundball, 56S, EV 81.2 MPH)
|
|
Batting: RHB John Freeman
|
0-0: Called Strike 0-1: Ball 1-1: Foul Ball, location: 2F 1-2: Strikes out swinging
|
|
Batting: RHB Jaden Scott
|
0-0: Ball 1-0: Ball 2-0: Ball 3-0: Called Strike 3-1: Swinging Strike 3-2: Base on Balls
|
|
Batting: LHB Teko van de Sande
|
0-0: Ball 1-0: Ball 2-0: Ground out 4-3 (Groundball, 4, EV 87.5 MPH)
|
| Top of the 8th over - 0 runs, 1 hit, 0 errors, 2 left on base; San Antonio 1 - Reading 1 |
| BOTTOM OF THE 8TH |
|
Reading Fightin Phils batting - Pitching for San Antonio Missions : RHP Andy Dunmire
|
|
Batting: LHB Doug Frampton
|
0-0: Fly out, F8 (Flyball, 8LM, EV 86.2 MPH)
|
|
Batting: RHB Tony Perez
|
0-0: Ground out 4-3 (Groundball, 4, EV 89.4 MPH)
|
|
Batting: RHB Chris Myers
|
0-0: Swinging Strike 0-1: Foul Ball, location: 2F 0-2: SINGLE (Flyball, 4D, EV 85.6 MPH)
|
|
Batting: RHB Alan Weller
|
0-0: Swinging Strike 0-1: Ball 1-1: Fielders Choice at 2nd, 5-4 (Groundball, 56, EV 92.5 MPH)
|
| Bottom of the 8th over - 0 runs, 1 hit, 0 errors, 1 left on base; San Antonio 1 - Reading 1 |
| TOP OF THE 9TH |
|
San Antonio Missions batting - Pitching for Reading Fightin Phils : LHP Eddie San Miguel
|
|
Pitching: RHP Jeremy Mitchem
|
|
|
Batting: RHB Cesar Ortega
|
0-0: Called Strike 0-1: Called Strike 0-2: Fly out, F9 (Flyball, 9LS, EV 80.6 MPH)
|
|
Batting: LHB Matt Patnaude
|
0-0: Called Strike 0-1: Ground out 4-3 (Groundball, 4, EV 98.1 MPH)
|
|
Pitching: RHP T.J. Gray
|
|
|
Batting: LHB Josh Slusarczyk
|
0-0: Fly out, F6 (Popup, 4S, EV 69.4 MPH)
|
| Top of the 9th over - 0 runs, 0 hits, 0 errors, 0 left on base; San Antonio 1 - Reading 1 |
| BOTTOM OF THE 9TH |
|
Reading Fightin Phils batting - Pitching for San Antonio Missions : RHP Andy Dunmire
|
|
Batting: RHB Guan-pei Gao
|
0-0: Ground out 3-1 (Groundball, 34S, EV 85.0 MPH)
|
|
Batting: RHB Pablo Lopez
|
0-0: Called Strike 0-1: Ball 1-1: Foul Ball, location: 2F 1-2: Ground out U3 (Groundball, 3, EV 96.9 MPH)
|
|
Batting: LHB Alex Fernandez
|
0-0: Ground out 4-3 (Groundball, 4, EV 101.2 MPH)
|
| Bottom of the 9th over - 0 runs, 0 hits, 0 errors, 0 left on base; San Antonio 1 - Reading 1 |
| TOP OF THE 10TH |
|
San Antonio Missions batting - Pitching for Reading Fightin Phils : RHP T.J. Gray
|
|
Batting: RHB Dave McBain
|
0-0: Ground out 5-3 (Groundball, 5S, EV 68.8 MPH)
|
|
Batting: RHB Freddie Brown
|
0-0: Ball 1-0: Ground out 5-3 (Groundball, 56, EV 101.2 MPH)
|
|
Batting: RHB Mike Maserang
|
0-0: Called Strike 0-1: Ball 1-1: Foul Ball, location: 2F 1-2: Foul Ball, location: 2F 1-2: Ball 2-2: Reached on error, E5 (Groundball, 56, EV 100.0 MPH)
|
|
Batting: RHB John Freeman
|
0-0: Swinging Strike 0-1: Called Strike 0-2: Foul Ball, location: 2F 0-2: Strikes out swinging, 2-3 out at first.
|
| Top of the 10th over - 0 runs, 0 hits, 1 error, 1 left on base; San Antonio 1 - Reading 1 |
| BOTTOM OF THE 10TH |
|
Reading Fightin Phils batting - Pitching for San Antonio Missions : RHP Andy Dunmire
|
|
Pitching: RHP Colin Dorsey
|
|
|
Pinch Hitting: LHB Danny Zuniga
|
0-0: DOUBLE (Groundball, 3L, EV 105.0 MPH)
|
|
Batting: RHB Prabhukumar Santhanakrishnan
|
0-0: Called Strike 0-1: Foul Ball, location: 2F 0-2: Ground out 5-3 (Groundball, 56, EV 110.0 MPH)
|
|
Batting: LHB Doug Frampton
|
0-0: Foul Ball, location: 2F 0-1: Fly out, F7 (Line Drive, 78M, EV 103.1 MPH)
|
|
Batting: RHB Tony Perez
|
0-0: Ball 1-0: Ball 2-0: Fly out, F7 (Flyball, 7D, EV 94.4 MPH)
|
| Bottom of the 10th over - 0 runs, 1 hit, 0 errors, 1 left on base; San Antonio 1 - Reading 1 |
| TOP OF THE 11TH |
|
San Antonio Missions batting - Pitching for Reading Fightin Phils : RHP T.J. Gray
|
|
Now at C: Danny Habermehl
|
|
|
Batting: RHB Jaden Scott
|
0-0: SINGLE (Line Drive, 78S, EV 106.9 MPH)
|
|
Batting: LHB Teko van de Sande
|
0-0: Ball 1-0: Ball 2-0: Bunted foul 2-1: Bunt missed! 2-2: Foul Ball, location: 2F 2-2: Ball 3-2: Base on Balls Jaden Scott to second
|
|
Batting: RHB Cesar Ortega
|
0-0: Ball 1-0: Ball 2-0: Swinging Strike 2-1: Swinging Strike 2-2: Strikes out swinging
|
|
Pitching: LHP Chris Burch
|
|
|
Pinch Hitting: RHB Joe Weissman
|
0-0: Ball 1-0: Ball 2-0: Called Strike 2-1: Ground out 5-3 (Groundball, 5, EV 103.1 MPH) Jaden Scott to third Teko van de Sande to second
|
|
Batting: LHB Josh Slusarczyk
|
0-0: Called Strike 0-1: Ball 1-1: Ball 2-1: Ball 3-1: Fly out, F8 (Flyball, 78S, EV 75.0 MPH)
|
| Top of the 11th over - 0 runs, 1 hit, 0 errors, 2 left on base; San Antonio 1 - Reading 1 |
| BOTTOM OF THE 11TH |
|
Reading Fightin Phils batting - Pitching for San Antonio Missions : RHP Colin Dorsey
|
|
Now in RF: David Aguilar
|
|
|
Batting: RHB Chris Myers
|
0-0: Called Strike 0-1: Ball 1-1: Ball 2-1: Ball 3-1: Base on Balls
|
|
Batting: RHB Alan Weller
|
Pickoff Play to 1st, Runner tries for 2nd, OUT after rundown. 0-0: Foul Ball, location: 2F 0-1: Fly out, F9 (Flyball, 89M, EV 91.2 MPH)
|
|
Batting: RHB Guan-pei Gao
|
0-0: Foul Ball, location: 2F 0-1: Ball 1-1: Called Strike 1-2: Strikes out swinging
|
| Bottom of the 11th over - 0 runs, 0 hits, 0 errors, 0 left on base; San Antonio 1 - Reading 1 |
| TOP OF THE 12TH |
|
San Antonio Missions batting - Pitching for Reading Fightin Phils : LHP Chris Burch
|
|
Pitching: RHP John Hughes
|
|
|
Batting: RHB Dave McBain
|
0-0: Ball 1-0: Ground out 5-3 (Groundball, 5, EV 105.6 MPH)
|
|
Batting: RHB Freddie Brown
|
0-0: Ball 1-0: Ball 2-0: Called Strike 2-1: Ball 3-1: Foul Ball, location: 2F 3-2: Base on Balls
|
|
Batting: RHB Mike Maserang
|
0-0: Ball Freddie Brown steals 2nd base 1-0: Called Strike 1-1: Foul Ball, location: 2F 1-2: Ball 2-2: Ball 3-2: Base on Balls
|
|
Batting: RHB John Freeman
|
0-0: Ball 1-0: Foul Ball, location: 2F 1-1: Ground out 6-3 (Groundball, 6S, EV 68.1 MPH) Freddie Brown to third Mike Maserang to second
|
|
Batting: RHB Jaden Scott
|
0-0: Called Strike 0-1: Called Strike 0-2: Ball 1-2: Foul Ball, location: 2F 1-2: Foul Ball, location: 2F 1-2: Ball 2-2: Strikes out swinging
|
| Top of the 12th over - 0 runs, 0 hits, 0 errors, 2 left on base; San Antonio 1 - Reading 1 |
| BOTTOM OF THE 12TH |
|
Reading Fightin Phils batting - Pitching for San Antonio Missions : RHP Colin Dorsey
|
|
Pitching: LHP Ed Valdez
|
|
|
Batting: RHB Pablo Lopez
|
0-0: Ball 1-0: Ball 2-0: Swinging Strike 2-1: Swinging Strike 2-2: Foul Ball, location: 2F 2-2: Foul Ball, location: 2F 2-2: Foul Ball, location: 2F 2-2: Ball 3-2: Fly out, F8 (Flyball, 8LXD, EV 91.2 MPH)
|
|
Batting: LHB Alex Fernandez
|
0-0: Ball 1-0: Hit by Pitch
|
|
Batting: RHB Danny Habermehl
|
0-0: Called Strike 0-1: Hit by Pitch Alex Fernandez to second
|
|
Batting: RHB Prabhukumar Santhanakrishnan
|
0-0: Swinging Strike 0-1: Grounds into double play, 6-4-3 (Groundball, 6M, EV 99.4 MPH)
|
| Bottom of the 12th over - 0 runs, 0 hits, 0 errors, 1 left on base; San Antonio 1 - Reading 1 |
| TOP OF THE 13TH |
|
San Antonio Missions batting - Pitching for Reading Fightin Phils : RHP John Hughes
|
|
Batting: LHB Teko van de Sande
|
0-0: Ball 1-0: Ball 2-0: Called Strike 2-1: Swinging Strike 2-2: Strikes out swinging
|
|
Batting: RHB Cesar Ortega
|
0-0: Called Strike 0-1: Foul Ball, location: 2F 0-2: Ball 1-2: Ball 2-2: Ball 3-2: Foul Ball, location: 2F 3-2: Ground out 6-3 (Groundball, 6, EV 93.1 MPH)
|
|
Batting: RHB David Aguilar
|
0-0: Ground out 1-3 (Groundball, 23, EV 75.6 MPH)
|
| Top of the 13th over - 0 runs, 0 hits, 0 errors, 0 left on base; San Antonio 1 - Reading 1 |
| BOTTOM OF THE 13TH |
|
Reading Fightin Phils batting - Pitching for San Antonio Missions : LHP Ed Valdez
|
|
Batting: LHB Doug Frampton
|
0-0: Fly out, F9 (Flyball, 89S, EV 88.8 MPH)
|
|
Batting: RHB Tony Perez
|
0-0: Foul Ball, location: 2F 0-1: Ball 1-1: Called Strike 1-2: Ball 2-2: Foul Ball, location: 2F 2-2: Foul Ball, location: 2F 2-2: Foul Ball, location: 2F 2-2: Foul Ball, location: 2F 2-2: Ball 3-2: Base on Balls
|
|
Batting: RHB Chris Myers
|
0-0: Called Strike 0-1: Ball 1-1: Foul Ball, location: 2F 1-2: Foul Ball, location: 2F 1-2: Ball Tony Perez is caught stealing 2nd base 2-4 2-2: Ground out 5-3 (Groundball, 56, EV 100.6 MPH)
|
| Bottom of the 13th over - 0 runs, 0 hits, 0 errors, 0 left on base; San Antonio 1 - Reading 1 |
| TOP OF THE 14TH |
|
San Antonio Missions batting - Pitching for Reading Fightin Phils : RHP John Hughes
|
|
Batting: LHB Josh Slusarczyk
|
0-0: Called Strike 0-1: Foul Ball, location: 2F 0-2: Strikes out swinging
|
|
Batting: RHB Dave McBain
|
0-0: Called Strike 0-1: Ball 1-1: Ball 2-1: Called Strike 2-2: Foul Ball, location: 2F 2-2: Ball 3-2: Base on Balls
|
|
Batting: RHB Freddie Brown
|
0-0: Called Strike 0-1: Swinging Strike 0-2: Fielders Choice at 2nd, 3-6 (Groundball, 3, EV 87.5 MPH)
|
|
Batting: RHB Mike Maserang
|
0-0: Foul Ball, location: 2F 0-1: Ball 1-1: Called Strike Freddie Brown steals 2nd base 1-2: SINGLE (Groundball, 6M, EV 103.8 MPH) Freddie Brown to third
|
|
Batting: RHB John Freeman
|
0-0: Foul Ball, location: 2F 0-1: Ball 1-1: DOUBLE (Flyball, 78XD, EV 107.5 MPH) Freddie Brown scores Mike Maserang to third
|
|
Pitching: RHP Jonathan Beishline
|
|
|
Batting: RHB Jaden Scott
|
0-0: Swinging Strike 0-1: SINGLE (Groundball, 6M, EV 85.6 MPH) (infield hit) Mike Maserang scores John Freeman to third
|
|
Batting: LHB Teko van de Sande
|
0-0: 3-RUN HOME RUN (Flyball, 89XD, EV 106.9 MPH), Distance : 414 ft
|
|
Batting: RHB Cesar Ortega
|
0-0: Ball 1-0: Called Strike 1-1: Called Strike 1-2: Strikes out swinging
|
| Top of the 14th over - 5 runs, 4 hits, 0 errors, 0 left on base; San Antonio 6 - Reading 1 |
| BOTTOM OF THE 14TH |
|
Reading Fightin Phils batting - Pitching for San Antonio Missions : LHP Ed Valdez
|
|
Batting: RHB Alan Weller
|
0-0: Ball 1-0: Fly out, F8 (Flyball, 89M, EV 78.1 MPH)
|
|
Batting: RHB Guan-pei Gao
|
0-0: Called Strike 0-1: Ball 1-1: DOUBLE (Flyball, 78XD, EV 98.8 MPH)
|
|
Pitching: LHP Dan Gatlin
|
|
|
Batting: RHB Pablo Lopez
|
0-0: Ball 1-0: Ball Wild Pitch! Guan-pei Gao to third 2-0: Called Strike 2-1: SINGLE (Groundball, 5S, EV 71.9 MPH) (infield hit) Guan-pei Gao scores
|
|
Batting: LHB Alex Fernandez
|
0-0: Ball 1-0: Foul Ball, location: 2F 1-1: Fly out, F4 (Popup, 4M, EV 64.4 MPH)
|
|
Batting: RHB Danny Habermehl
|
0-0: Foul Ball, location: 2F 0-1: Fielders Choice at 2nd, 5-4 (Groundball, 56, EV 82.5 MPH)
|
| Bottom of the 14th over - 1 run, 2 hits, 0 errors, 1 left on base; San Antonio 6 - Reading 2 |
|